 Dungeon Crawl Stone Soup version 0.29-a0-380-gf50f0a9fbc (webtiles) character file.

Game seed: 16067992641085758135

303 Antichthon the Covered (level 6, -1/38 HPs)
             Began as a Gargoyle Fighter on May 6, 2022.
             Slain by Dowan
             ... wielding a +3 dagger of venom
              (6 damage)
             ... on level 4 of the Dungeon.
             The game lasted 00:06:00 (3356 turns).

Antichthon the Covered (Gargoyle Fighter)           Turns: 3356, Time: 00:06:00

Health: -1/38      AC: 21    Str: 20    XL:     6   Next: 38%
Magic:  7/7        EV:  9    Int: 10    God:
Gold:   129        SH:  5    Dex:  9    Spells: 5/5 levels left

rFire   . . .      SeeInvis .   a - +1 flail (protect)
rCold   . . .      Faith    .   c - +1 buckler
rNeg    + . .      Spirit   .   b - +0 scale mail
rPois   ∞          Reflect  .   (no helmet)
rElec   +          Harm     .   (no cloak)
rCorr   .          Rampage  .   r - +0 pair of gloves
Will    .....                   t - +0 pair of boots
Stlth   ..........              (no amulet)
HPRegen 0.12/turn               (no ring)
MPRegen 0.10/turn               (no ring)

@: mighty, under a protective aura
A: sickness immunity, AC +4, negative energy resistance 1, electricity
resistance, torment resistance 1, petrification resistance
a: no special abilities


You were on level 4 of the Dungeon.
You visited 1 branch of the dungeon, and saw 4 of its levels.

You collected 129 gold pieces.

Inventory:

Hand Weapons
 a - a +1 flail of protection (weapon)
 s - the +7 hand axe "Ocratim" {flame, rElec Dex+2}
   (You found it on level 3 of the Dungeon)

   It burns those it strikes, dealing additional fire damage.
   Big, fiery blades are also staple armaments of hydra-hunters.
   Dex:       It affects your dexterity (+2).
   rElec:     It insulates you from electricity.
Armour
 b - a +0 scale mail (worn)
 c - a +1 buckler (worn)
 r - a +0 pair of gloves (worn)
 t - a +0 pair of boots (worn)
Jewellery
 h - a +6 ring of intelligence
 k - a ring of ice
 u - a ring of fire
Scrolls
 g - 3 scrolls of teleportation
 m - a scroll of fear
 q - a scroll of enchant weapon
Potions
 e - a potion of magic
 f - a potion of haste {unknown}
 i - 2 potions of curing {unknown}
 j - a potion of attraction {unknown}
 l - a potion of berserk rage {unknown}
 n - a potion of cancellation {unknown}
 o - a potion of resistance {unknown}
 p - 3 potions of heal wounds {unknown}
 v - a potion of invisibility {unknown}


   Skills:
 * Level 4.1 Fighting
 * Level 4.2 Maces & Flails
 * Level 4.4 Armour
 * Level 1.1 Dodging
 * Level 4.0 Shields
 * Level 1.9 Invocations


You had 5 spell levels left.
You didn't know any spells.
Your spell library contained the following spells:

 Spells                   Type           Power      Damage    Failure   Level
 Summon Small Mammal      Summ           0%         N/A       80%         1
 Wereblood                Tmut           0%         N/A       90%         2
 Call Canine Familiar     Summ           0%         N/A       99%         3
 Summon Guardian Golem    Hex/Summ       0%         N/A       99%         3
 Summon Hydra             Summ           0%         N/A       100%        7
 Sublimation of Blood     Necr           Unusable   N/A       N/A         2

Dungeon Overview and Level Annotations

Branches:
Dungeon (4/15)
 Temple: D:4-7

Altars:
Xom

Annotations:
D:4 Dowan


Innate Abilities, Weirdness & Mutations

You are immune to sickness and miasma.
Your stone body is resilient. (AC +4)
You are immune to poison.
You resist negative energy. (rN+)
You are resistant to electric shocks. (rElec)
You are resistant to unholy torment.
You are immune to petrification.


Message History

Dowan points at you and mumbles some strange words.
The puff of frost hits you but does no damage.
Unknown command.
You closely miss Duvessa.
Duvessa is severely wounded.
Duvessa hits you but does no damage. Dowan hits you but does no damage.
You hit Duvessa.
Duvessa is almost dead.
Duvessa hits you but does no damage. Dowan casts a spell at you.
The puff of flame hits you but does no damage.
You closely miss Duvessa.
Duvessa is almost dead.
Duvessa hits you with a +0 short sword.
* * * LOW HITPOINT WARNING * * *
Dowan hits you but does no damage. Duvessa hits you but does no damage.
Dowan hits you but does no damage.
You hit Duvessa.
You kill Duvessa!
Dowan screams, "No!
No!"
Dowan seems to find hidden reserves of power!
Dowan hits you but does no damage.
Dowan points at you and mumbles some strange words.
The stone arrow misses you.
Your Fighting skill increases to level 4!
Your Maces & Flails skill increases to level 4!
Your Shields skill increases to level 4!
You have reached level 6!
You sock Dowan!
Dowan is moderately wounded.
Dowan hits you with a +3 dagger of venom.
* * * LOW HITPOINT WARNING * * *
Unknown command.
You closely miss Dowan.
Dowan is moderately wounded.
You block Dowan's attack. Dowan barely misses you.
You hit Dowan.
Dowan is severely wounded.
Dowan hits you with a +3 dagger of venom.
You die...

............................##
<......########.....##.....##
..)....###########.#########
.......##.......##.#
...................#
.......##.......########
........................
#................)#..###
....<...........@e......
..#..#.##.........#.....
.###)..##.......#..#....
.......>...#.....#......
..>.............. ......
............>... ......
................ ......
................ .....
............


You could see Dowan (fast).

Vanquished Creatures
  Duvessa (D:4)
  An orc priest (D:4)
  3 orc wizards
  An adder (D:3)
  2 worms (D:2)
  3 dart slugs
  6 orcs
  3 bats
  8 endoplasms
  5 giant cockroaches
  9 goblins
  5 hobgoblins
  4 jackals (D:1)
  A quokka (D:3)
  3 ball pythons
  3 frilled lizards (D:1)
  8 kobolds
  7 rats
73 creatures vanquished.

Notes
Turn   | Place    | Note
-------+----------+-------------------------------------------
     0 | D:1      | Antichthon the Gargoyle Fighter began the quest for the
                  | Orb.
     0 | D:1      | Reached XP level 1. HP: 14/14 MP: 1/1
   243 | D:1      | Reached XP level 2. HP: 19/19 MP: 2/2
  1072 | D:1      | Reached XP level 3. HP: 23/23 MP: 3/3
  1156 | D:1      | Found a faded altar of an unknown god.
  2360 | D:3      | Reached XP level 4. HP: 28/28 MP: 4/4
  2387 | D:3      | Reached skill level 1 in Invocations
  2472 | D:3      | Identified the +7 hand axe "Ocratim" {flame, rElec Dex+2}
  2921 | D:3      | Found a shimmering altar of Xom.
  3024 | D:3      | Reached XP level 5. HP: 20/33 MP: 4/6
  3284 | D:4      | Reached skill level 1 in Dodging
  3332 | D:4      | Noticed Duvessa
  3333 | D:4      | Noticed Dowan
  3353 | D:4      | Killed Duvessa
  3354 | D:4      | Reached XP level 6. HP: 8/38 MP: 7/7
  3356 | D:4      | Slain by Dowan

Illustrated notes

Levels and vault maps discovered:
D:1:      roderic_chinese_lattice_arrival, layout_loops_corners,
          basic_ecumenical_altar
D:2:      layout_basic, grunt_ministairs_14, hangedman_decor_slide_cut
D:3:      layout_loops_ring, xom_teletrap_fun, eino_tiny_chamber
D:4:      layout_rooms, enter_ossuary_1, uniq_duvessa

Skill      XL: |  1  2  3  4  5 |
---------------+----------------+-----
Armour         | 4 |  4.4
Invocations    | 1 |  1.9
Maces & Flails | 3 4 |  4.2
Dodging        | 1 |  1.1
Fighting       | 4 |  4.1
Shields        | 4 |  4.0

Action                   |  1- 3 |  4- 6 || total
-------------------------+-------+-------++-------
Melee: Flail             |   156 |    88 ||   244
       Hand axe          |       |     8 ||     8
  Use: Scroll            |     9 |       ||     9
       Potion            |       |     1 ||     1
Armor: Scale mail        |    75 |    88 ||   163
Dodge: Dodged            |    69 |    47 ||   116
Block: Buckler           |    39 |    13 ||    52

Table legend: (Time is in decaauts)
 A = Elapsed time spent in this place.
 B = Non-inter-level travel time spent in this place.
 C = Inter-level travel time spent in this place.
 D = Time resting spent in this place.
 E = Time spent auto-exploring this place.
 F = Levels seen in this place.
 G = Mean time per level.
                   A        B        C        D        E       F      G
               +--------+--------+--------+--------+--------+-----+--------+
         Total |   3433 |   3388 |     45 |     28 |   2583 |   4 |  858.2 |
       Dungeon |   3433 |   3388 |     45 |     28 |   2583 |   4 |  858.2 |
               +--------+--------+--------+--------+--------+-----+--------+

Top non-repeatable levels by time:
     D:1: 1317 daAuts
     D:3: 1026 daAuts
     D:2: 947 daAuts
     D:4: 142 daAuts
